 Dungeon Crawl Stone Soup version 0.17-a0-1037-gbf358b4 (webtiles) character file.

1333 hornqvist the Chopper (level 8, -1/58 HPs)
             Began as a Formicid Fighter on May 14, 2015.
             Was an Initiate of Gozag.
             Killed from afar by Dowan (15 damage)
             ... with a stone arrow
             ... on level 6 of the Dungeon.
             The game lasted 00:07:12 (5916 turns).

hornqvist the Chopper (Formicid Fighter)            Turns: 5916, Time: 00:07:12

Health: -1/58      AC: 16    Str: 22    XL:     8   Next: 92%
Magic:  8/8        EV:  6    Int:  9    God:    Gozag
Gold:   644        SH: 10    Dex: 10    Spells: 0 memorised, 7 levels left

rFire  . . .     SeeInvis +     a - +1 war axe
rCold  + . .     Clarity  .     w - +0 plate armour
rNeg   . . .     SustAb   .     c - +0 shield
rPois  .         Gourm    .     (helmet unavailable)
rElec  .         Spirit   .     (no cloak)
rCorr  .         Warding  .     t - +2 pair of gloves
rMut   .         Stasis   +     (no boots)
MR     .....                    (no amulet)
Stlth  ..........               v - ring of stealth
                                s - ring of protection from cold

@: not resistant to hostile enchantments, extremely unstealthy
A: permanent stasis, dig shafts and tunnels, four strong arms, antennae 3
a: Dig, Shaft Self, Potion Petition, Call Merchant, Bribe Branch, Renounce
Religion


You were on level 6 of the Dungeon.
You worshipped Gozag.
Gozag was noncommittal.
You were not hungry.

You visited 2 branches of the dungeon, and saw 7 of its levels.
You also visited: Sewer.

You collected 713 gold pieces.
You paid 69 gold pieces to Gozag.

Inventory:

Hand weapons
 a - a +1 war axe (weapon)
Armour
 c - a +0 shield (worn)
 t - a +2 pair of gloves (worn)
 w - a +0 plate armour (worn)
Jewellery
 s - a ring of protection from cold (left hand)
 v - a ring of stealth (right hand)
 z - an uncursed ring of wizardry
Scrolls
 b - a scroll of brand weapon {unknown}
 h - a scroll of recharging
 j - 2 scrolls of remove curse
 n - 2 scrolls of identify
 A - a scroll of amnesia
Potions
 i - 2 potions of flight {unknown}
 k - a potion of magic {unknown}
 m - a potion of heal wounds {unknown}
 p - a potion of lignification {unknown}
 q - a potion of might
 r - 3 potions of haste
 x - 3 potions of invisibility {unknown}
Comestibles
 e - 4 bread rations
 l - 3 meat rations
 u - 7 fruits


   Skills:
 - Level 3.2 Fighting
 * Level 7.3 Axes
 + Level 6.7 Armour
 + Level 7.1 Shields


You had 7 spell levels left.
You didn't know any spells.

Dungeon Overview and Level Annotations

Branches:
Dungeon (6/15)             Temple (1/1) D:4

Altars:
Cheibriados
Dithmenos
Fedhas
Gozag
Kikubaaqudgha
Nemelex Xobeh
Okawaru
Ru
Sif Muna
Zin
The Shining One

Shops:
D:4 *

Annotations:
D:6 Dowan


Innate Abilities, Weirdness & Mutations

You are under a permanent stasis effect.
You can dig through walls and to a lower floor.
Your four strong arms can wield two-handed weapons with a shield.
You have a pair of large antennae on your head (SInv).


Message History

The bat zombie barely misses you.
The bat zombie hits you but does no damage.
Dowan hits you but does no damage. The iguana bites you.
* * * LOW HITPOINT WARNING * * *
The bat zombie hits you but does no damage.
You take 4 damage, and have 7/58 hp.
Unknown command.
Drink which item? (? for menu, Esc to quit)
You feel better. You block the bat zombie's attack.
Dowan hits you but does no damage. You block the bat zombie's attack.
The iguana completely misses you. Dowan hits you but does no damage.
The bat zombie hits you but does no damage.
You regained 7 hp, and now have 14/58 hp.
You closely miss Dowan. You closely miss the bat zombie. You hit the iguana.
You block the bat zombie's attack.
The bat zombie hits you but does no damage.
Dowan gestures at you while chanting. The stone arrow hits you!
You die...
Your body crumbles into a pile of gold.

..## ###.# ..# .... .# #### ##
.....###.. #####.. ###
......#.. #.....# ####.)
...#>..# #..#...# #....#
#.....######.##...###.####
ยง######.................<...#
.a............Z............##
.l.......#5$..e@...........#
........(....?l.#####...####
#.............### #....#
...............######....##
#.####>.............####..## .
#...........##)..###..#
##########....##....#..#
##.#.#####....# #.......####.#


You could see Dowan, an iguana, a crimson imp and a bat zombie.

Vanquished Creatures
  Duvessa (D:6)
  2 phantoms (D:4)
  A black bear (D:3)
  2 centaurs
  A crocodile (Sewer)
  A necrophage (D:6)
  A giant frog (D:6)
  2 scorpions
  A hound (D:5)
  A giant frog skeleton (D:5)
  An orc priest (D:4)
  An orc wizard (D:4)
  Natasha (D:4)
  2 worker ants
  A killer bee zombie (D:5)
  A hound skeleton (D:5)
  A worker ant zombie (D:5)
  3 adders
  4 gnolls (D:2)
  3 shadow imps
  A white imp (D:4)
  An ooze (D:3)
  An adder skeleton (D:4)
  5 worms
  7 orcs
  A ball python (D:1)
  11 bats
  5 giant cockroaches
  10 goblins
  14 hobgoblins
  8 giant geckos
  6 giant newts
  12 jackals
  13 kobolds
  3 quokkas
  7 rats
136 creatures vanquished.

Notes
Turn   | Place    | Note
--------------------------------------------------------------
     0 | D:1      | hornqvist the Formicid Fighter began the quest for the Orb.
     0 | D:1      | Reached XP level 1. HP: 18/18 MP: 1/1
   117 | D:1      | Reached XP level 2. HP: 24/24 MP: 2/2
   527 | D:1      | Reached XP level 3. HP: 25/29 MP: 3/3
   543 | D:1      | Reached skill level 4 in Shields
  1100 | D:2      | Reached XP level 4. HP: 31/35 MP: 4/4
  1119 | D:2      | HP: 1/35 [gnoll/spear (2)]
  1708 | D:3      | Found a sparkling altar of Nemelex Xobeh.
  1884 | D:3      | Reached XP level 5. HP: 37/41 MP: 5/5
  2432 | D:3      | Found a blossoming altar of Fedhas.
  2637 | D:3      | Noticed a black bear
  2644 | D:3      | Killed a black bear
  2644 | D:3      | Reached XP level 6. HP: 38/47 MP: 6/6
  2990 | D:4      | Found Kahoriuj's Assorted Antiques.
  3118 | D:4      | Noticed Natasha
  3128 | D:4      | Reached skill level 5 in Shields
  3129 | D:4      | Killed Natasha
  3129 | D:4      | Reached skill level 5 in Armour
  3457 | D:4      | Found a staircase to the Ecumenical Temple.
  3471 | Temple   | Entered the Ecumenical Temple
  3582 | Temple   | Became a worshipper of Gozag Ym Sagoz the Greedy
  3618 | D:4      | Reached XP level 7. HP: 33/52 MP: 7/7
  3669 | D:4      | Found an ancient bone altar of Kikubaaqudgha.
  3815 | D:4      | Noticed a komodo dragon
  3815 | D:4      | Noticed a redback
  3815 | D:4      | a komodo dragon changed into a redback
  3825 | D:4      | You fall through a shaft!
  3825 | D:5      | Entered Level 5 of the Dungeon
  3834 | D:5      | Reached skill level 5 in Axes
  3903 | D:5      | Found a glowing drain.
  3925 | Sewer    | Entered a sewer
  4389 | D:5      | Reached skill level 6 in Axes
  4389 | D:5      | Reached XP level 8. HP: 25/58 MP: 8/8
  5578 | D:6      | Found a sacrificial altar of Ru.
  5697 | D:6      | Noticed Duvessa
  5709 | D:6      | Noticed Dowan
  5710 | D:6      | Killed Duvessa
  5710 | D:6      | Reached skill level 7 in Axes
  5916 | D:6      | Killed from afar by Dowan

Vault maps used:
D:1:      minmay_arrival_four_circles
D:3:      fedhas_altar_4, nemelex_deck
D:4:      minmay_opposing_rooms, kennysheep_mini,
          minmay_temple_entry_statues_pillars, serial_shops, shop, uniq_natasha
D:5:      gup_sewer_entry_pipe, first_bread, st_stairs_14
D:6:      old_standard_altar, serial_shops, shop, nicolae_benzene_ring,
          minmay_misc_feat_four_crosses, kennysheep_crisscross, uniq_duvessa
Temple:   circular_temple_12
Sewer:    sewer_the_crocodile

Action                   |  1- 3 |  4- 6 |  7- 9 || total
-------------------------+-------+-------+-------++-------
Melee: War axe           |   109 |   170 |   302 ||   581
Invok: Potion Petition   |       |       |     1 ||     1
 Abil: Dig               |       |     1 |     2 ||     3
       Shaft Self        |       |       |     1 ||     1
  Use: Potion            |       |     1 |     6 ||     7
       Scroll            |       |       |    11 ||    11
  Eat: Chunk             |     1 |     8 |       ||     9
       Beef jerky        |       |       |     2 ||     2
       Pizza             |       |       |     3 ||     3
       Royal jelly       |       |       |     1 ||     1
